[ AOE2 MATCH · #504562802 ]
UnrankedMalians vs Burgundians
Player's team · WIN
[ REPLAY ANALYSIS · EXTRACTED FROM THE RECORDED GAME ]
Feudal
11:55
Castle
21:02
Imperial
—
| APM avg | 47.6 |
| APM peak | 89 |
| eAPM avg | 22.0 |
| Villagers / military | 59 / 30 |
Focus
⚔️ 34.9% · 🌾 65.1%
Archer ×13 · Mangonel ×5 · Camel Scout ×4 · Knight ×3 · Militia ×3 · Monk ×2
Feudal
10:09
Castle
24:10
Imperial
—
| APM avg | 54.4 |
| APM peak | 93 |
| eAPM avg | 22.8 |
| Villagers / military | 62 / 28 |
Focus
⚔️ 40.0% · 🌾 60.0%
Skirmisher ×11 · Militia ×5 · Scout Cavalry ×4 · Flemish Militia ×4 · Mangonel ×2 · Knight ×1
Match map
Initial resources + every placement click. Lines = walls · curves = elevation contours. ◆ gold · ⬟ stone · ● berries · ✦ relic · ◌ wall gap
Your base· ✓ Closed at 21:02 · 53t walls · 1 gate(s)
DGHIR | Black Monk's base· Open — 2t gap
Smoothed initial terrain · ◌ = detected wall gap · hover for details
Inputs per minute
— Hoppsywins - - DGHIR | Black Monk
Build order — Hoppsywins
First 150 of 176 actions detected
| 0:00 | Queue | Villager (Male) |
| 0:00 | Queue | Villager (Male) |
| 0:03 | Build | House |
| 0:04 | Build | House |
| 0:15 | Queue | Villager (Male) |
| 0:18 | Queue | Villager (Male) |
| 1:23 | Queue | Villager (Male) |
| 1:51 | Queue | Villager (Male) |
| 1:57 | Build | Lumber Camp |
| 2:12 | Queue | Villager (Male) |
| 2:45 | Queue | Villager (Male) |
| 3:02 | Queue | Villager (Male) |
| 3:30 | Queue | Villager (Male) |
| 3:58 | Build | House |
| 4:01 | Queue | Villager (Male) |
| 4:14 | Queue | Villager (Male) |
| 4:17 | Build | Barracks |
| 4:33 | Build | Palisade Wall |
| 4:43 | Queue | Villager (Male) |
| 5:18 | Queue | Villager (Male) |
| 5:24 | Build | House |
| 5:42 | Queue | Villager (Male) |
| 5:55 | Build | House |
| 6:00 | Queue | Militia |
| 6:00 | Queue | Militia |
| 6:05 | Queue | Villager (Male) |
| 6:14 | Queue | Villager (Male) |
| 6:17 | Build | Mill |
| 6:27 | Queue | Militia |
| 6:34 | Queue | Villager (Male) |
| 7:12 | Queue | Villager (Male) |
| 7:15 | Build | Farm |
| 7:18 | Queue | Villager (Male) |
| 7:27 | Build | House |
| 7:30 | Build | Palisade Wall |
| 7:35 | Build | Palisade Wall |
| 7:36 | Queue | Villager (Male) |
| 8:21 | Queue | Villager (Male) |
| 8:32 | Build | Mill |
| 8:45 | Build | Palisade Wall |
| 8:52 | Research | Loom |
| 9:01 | Build | Farm |
| 9:45 | Research | Feudal Age |
| 9:45 | Research | Feudal Age |
| 9:53 | Build | Farm |
| 9:55 | Build | Farm |
| 10:30 | Build | Mining Camp |
| 10:44 | Queue | Villager (Male) |
| 11:08 | Build | House |
| 11:55 | Age | Feudal Age |
| 11:59 | Build | Archery Range |
| 12:01 | Research | Double-Bit Axe |
| 12:02 | Queue | Villager (Male) |
| 12:27 | Queue | Villager (Male) |
| 12:28 | Build | Farm |
| 12:30 | Build | Farm |
| 12:41 | Build | Farm |
| 12:55 | Research | Man-at-Arms (upgrade) |
| 12:55 | Research | Man-at-Arms (upgrade) |
| 12:56 | Queue | Villager (Male) |
| 13:01 | Build | Blacksmith |
| 13:02 | Build | House |
| 13:09 | Queue | Villager (Male) |
| 13:23 | Queue | Archer |
| 13:42 | Queue | Villager (Male) |
| 14:06 | Queue | Villager (Male) |
| 14:13 | Build | Lumber Camp |
| 14:18 | Build | Watch Tower |
| 14:23 | Queue | Archer |
| 14:26 | Queue | Villager (Male) |
| 14:32 | Build | Blacksmith |
| 14:37 | Build | Palisade Wall |
| 14:39 | Build | Palisade Wall |
| 14:41 | Build | Palisade Wall |
| 14:52 | Queue | Villager (Male) |
| 14:56 | Build | House |
| 14:58 | Build | House |
| 15:07 | Queue | Villager (Male) |
| 15:20 | Queue | Villager (Male) |
| 15:31 | Build | Palisade Wall |
| 15:32 | Build | Palisade Wall |
| 15:38 | Queue | Archer |
| 15:55 | Queue | Villager (Male) |
| 16:03 | Queue | Archer |
| 16:11 | Build | Palisade Wall |
| 16:38 | Queue | Villager (Male) |
| 16:50 | Queue | Villager (Male) |
| 17:07 | Build | Farm |
| 17:30 | Build | Palisade Wall |
| 17:36 | Queue | Villager (Male) |
| 17:48 | Build | Palisade Gate |
| 17:52 | Build | Lumber Camp |
| 18:03 | Research | Horse Collar |
| 18:22 | Research | Castle Age |
| 18:22 | Research | Castle Age |
| 18:28 | Build | Farm |
| 18:47 | Build | Farm |
| 18:53 | Build | Farm |
| 18:56 | Build | Farm |
| 19:03 | Queue | Archer |
| 19:05 | Queue | Archer |
| 19:08 | Research | Fletching |
| 19:09 | Research | Fletching |
| 19:18 | Build | Farm |
| 19:24 | Research | Gold Mining |
| 19:36 | Queue | Archer |
| 19:53 | Build | House |
| 19:56 | Build | House |
| 20:01 | Queue | Archer |
| 20:06 | Build | Archery Range |
| 20:10 | Queue | Villager (Male) |
| 20:18 | Queue | Archer |
| 20:26 | Build | Stable |
| 21:02 | Age | Castle Age |
| 21:02 | Research | Crossbowman (upgrade) |
| 21:06 | Queue | Knight |
| 21:21 | Queue | Villager (Male) |
| 21:25 | Build | Mining Camp |
| 21:35 | Build | Farm |
| 21:35 | Build | Farm |
| 21:36 | Build | Farm |
| 21:38 | Build | Farm |
| 21:39 | Queue | Villager (Male) |
| 22:10 | Queue | Villager (Male) |
| 22:16 | Build | Siege Workshop |
| 22:21 | Queue | Villager (Male) |
| 22:22 | Queue | Knight |
| 22:26 | Build | Farm |
| 22:55 | Queue | Knight |
| 22:59 | Research | Scale Barding Armor |
| 23:00 | Queue | Villager (Male) |
| 23:11 | Queue | Villager (Male) |
| 23:26 | Build | Town Center |
| 23:27 | Queue | Villager (Male) |
| 23:55 | Queue | Villager (Male) |
| 24:05 | Build | Monastery |
| 24:11 | Research | Bodkin Arrow |
| 24:12 | Queue | Villager (Male) |
| 24:20 | Queue | Mangonel |
| 24:20 | Queue | Mangonel |
| 24:27 | Queue | Archer |
| 24:27 | Queue | Archer |
| 24:31 | Queue | Villager (Male) |
| 24:40 | Research | Wheelbarrow |
| 24:41 | Research | Wheelbarrow |
| 24:50 | Build | House |
| 24:51 | Build | House |
| 24:53 | Queue | Villager (Male) |
| 24:58 | Queue | Monk |
| 25:00 | Queue | Archer |
Build order — DGHIR | Black Monk
First 150 of 203 actions detected
| 0:01 | Queue | Villager (Male) |
| 0:01 | Queue | Villager (Male) |
| 0:02 | Build | House |
| 0:04 | Build | House |
| 0:23 | Queue | Villager (Male) |
| 0:23 | Queue | Villager (Male) |
| 0:24 | Queue | Villager (Male) |
| 1:21 | Queue | Villager (Male) |
| 1:56 | Queue | Villager (Male) |
| 1:56 | Queue | Villager (Male) |
| 2:10 | Build | Lumber Camp |
| 2:17 | Queue | Villager (Male) |
| 2:18 | Queue | Villager (Male) |
| 2:52 | Queue | Villager (Male) |
| 3:09 | Build | House |
| 3:13 | Queue | Villager (Male) |
| 3:13 | Queue | Villager (Male) |
| 3:37 | Queue | Villager (Male) |
| 3:38 | Queue | Villager (Male) |
| 3:53 | Queue | Villager (Male) |
| 3:53 | Queue | Villager (Male) |
| 4:25 | Queue | Villager (Male) |
| 4:25 | Queue | Villager (Male) |
| 4:52 | Queue | Villager (Male) |
| 5:17 | Queue | Villager (Male) |
| 5:17 | Queue | Villager (Male) |
| 5:24 | Queue | Villager (Male) |
| 5:50 | Queue | Villager (Male) |
| 6:10 | Queue | Villager (Male) |
| 6:11 | Queue | Villager (Male) |
| 6:14 | Build | Mill |
| 6:17 | Queue | Villager (Male) |
| 6:17 | Queue | Villager (Male) |
| 6:55 | Queue | Villager (Male) |
| 6:57 | Research | Loom |
| 7:00 | Build | House |
| 7:07 | Research | Loom |
| 7:34 | Queue | Villager (Male) |
| 7:56 | Research | Feudal Age |
| 8:01 | Build | Barracks |
| 8:33 | Research | Double-Bit Axe |
| 8:33 | Research | Double-Bit Axe |
| 8:48 | Build | House |
| 9:03 | Queue | Militia |
| 9:03 | Queue | Militia |
| 9:07 | Build | House |
| 9:09 | Queue | Militia |
| 9:10 | Queue | Militia |
| 9:23 | Build | Palisade Wall |
| 9:42 | Build | House |
| 9:48 | Build | Palisade Wall |
| 9:50 | Build | Palisade Wall |
| 9:51 | Build | Palisade Wall |
| 9:53 | Queue | Militia |
| 9:53 | Queue | Villager (Male) |
| 9:55 | Build | Palisade Wall |
| 9:56 | Build | Palisade Wall |
| 9:57 | Build | Palisade Wall |
| 9:59 | Build | Palisade Wall |
| 9:59 | Build | Palisade Wall |
| 10:03 | Build | Palisade Wall |
| 10:04 | Build | Palisade Wall |
| 10:05 | Build | Palisade Wall |
| 10:09 | Age | Feudal Age |
| 10:12 | Research | Bow Saw |
| 10:18 | Build | Palisade Wall |
| 10:35 | Build | Palisade Wall |
| 10:45 | Build | Farm |
| 10:52 | Build | Palisade Wall |
| 10:56 | Queue | Villager (Male) |
| 11:43 | Queue | Villager (Male) |
| 11:51 | Build | Farm |
| 11:51 | Queue | Villager (Male) |
| 11:53 | Build | Farm |
| 11:54 | Build | Farm |
| 12:01 | Build | Watch Tower |
| 12:05 | Queue | Spearman |
| 12:06 | Queue | Villager (Male) |
| 12:11 | Build | Farm |
| 12:27 | Build | Stone Wall |
| 12:27 | Build | Stone Wall |
| 12:28 | Build | Stone Wall |
| 12:29 | Build | Stone Wall |
| 12:41 | Queue | Villager (Male) |
| 12:43 | Build | Palisade Wall |
| 12:44 | Build | Palisade Wall |
| 12:45 | Build | Palisade Wall |
| 12:45 | Build | Palisade Wall |
| 12:46 | Build | Palisade Wall |
| 13:09 | Build | Mining Camp |
| 13:15 | Queue | Villager (Male) |
| 13:30 | Queue | Flemish Militia |
| 13:30 | Queue | Flemish Militia |
| 14:10 | Queue | Villager (Male) |
| 14:12 | Build | Farm |
| 14:17 | Build | Archery Range |
| 14:26 | Queue | Villager (Male) |
| 14:28 | Build | Farm |
| 14:31 | Build | Farm |
| 14:31 | Queue | Villager (Male) |
| 14:53 | Queue | Villager (Male) |
| 14:58 | Queue | Villager (Male) |
| 15:21 | Queue | Villager (Male) |
| 15:25 | Queue | Flemish Militia |
| 15:32 | Build | House |
| 15:47 | Queue | Flemish Militia |
| 15:49 | Queue | Villager (Male) |
| 15:52 | Build | House |
| 15:54 | Queue | Skirmisher |
| 15:54 | Queue | Skirmisher |
| 16:22 | Queue | Villager (Male) |
| 16:24 | Queue | Skirmisher |
| 16:28 | Build | House |
| 16:30 | Build | Farm |
| 16:36 | Research | Horse Collar |
| 16:37 | Queue | Villager (Male) |
| 16:46 | Queue | Skirmisher |
| 16:50 | Build | House |
| 16:51 | Build | House |
| 16:53 | Build | Palisade Wall |
| 16:56 | Queue | Villager (Male) |
| 17:14 | Queue | Villager (Male) |
| 17:17 | Build | Farm |
| 17:19 | Build | Farm |
| 17:21 | Build | Farm |
| 17:24 | Build | Farm |
| 17:27 | Queue | Skirmisher |
| 17:27 | Queue | Skirmisher |
| 17:31 | Build | House |
| 17:37 | Queue | Skirmisher |
| 17:59 | Build | Palisade Wall |
| 18:04 | Queue | Villager (Male) |
| 18:09 | Build | Palisade Wall |
| 18:09 | Queue | Villager (Male) |
| 18:14 | Build | Palisade Wall |
| 18:15 | Queue | Villager (Male) |
| 18:17 | Build | Farm |
| 18:24 | Queue | Skirmisher |
| 18:26 | Queue | Villager (Male) |
| 18:48 | Build | Stone Wall |
| 18:49 | Build | Outpost |
| 18:56 | Queue | Skirmisher |
| 18:56 | Queue | Villager (Male) |
| 18:59 | Build | Lumber Camp |
| 19:02 | Build | Palisade Wall |
| 19:04 | Queue | Villager (Male) |
| 19:13 | Build | Farm |
| 19:35 | Build | Farm |
| 19:36 | Build | Farm |
| 19:38 | Queue | Villager (Male) |
Match timeline
| 4:17 | Hoppsywins · first_building Barracks |
| 4:33 | Hoppsywins · wall_segment Palisade Wall x1 |
| 7:30 | Hoppsywins · wall_segment Palisade Wall x2 |
| 7:35 | Hoppsywins · wall_segment Palisade Wall x6 |
| 8:01 | DGHIR | Black Monk · first_building Barracks |
| 8:45 | Hoppsywins · wall_segment Palisade Wall x13 |
| 9:23 | DGHIR | Black Monk · wall_segment Palisade Wall x1 |
| 9:48 | DGHIR | Black Monk · wall_segment Palisade Wall x1 |
| 9:50 | DGHIR | Black Monk · wall_segment Palisade Wall x1 |
| 9:51 | DGHIR | Black Monk · wall_segment Palisade Wall x1 |
| 9:55 | DGHIR | Black Monk · wall_segment Palisade Wall x1 |
| 9:56 | DGHIR | Black Monk · wall_segment Palisade Wall x1 |
| 9:57 | DGHIR | Black Monk · wall_segment Palisade Wall x1 |
| 9:59 | DGHIR | Black Monk · wall_segment Palisade Wall x1 |
| 9:59 | DGHIR | Black Monk · wall_segment Palisade Wall x1 |
| 10:03 | DGHIR | Black Monk · wall_segment Palisade Wall x1 |
| 10:04 | DGHIR | Black Monk · wall_segment Palisade Wall x1 |
| 10:05 | DGHIR | Black Monk · wall_segment Palisade Wall x1 |
| 10:09 | DGHIR | Black Monk · age_up feudal |
| 10:18 | DGHIR | Black Monk · wall_segment Palisade Wall x1 |
| 10:35 | DGHIR | Black Monk · wall_segment Palisade Wall x1 |
| 10:52 | DGHIR | Black Monk · wall_segment Palisade Wall x1 |
| 11:55 | Hoppsywins · age_up feudal |
| 11:59 | Hoppsywins · first_building Archery Range |
| 12:27 | DGHIR | Black Monk · wall_segment Stone Wall x1 |
| 12:27 | DGHIR | Black Monk · wall_segment Stone Wall x1 |
| 12:28 | DGHIR | Black Monk · wall_segment Stone Wall x1 |
| 12:29 | DGHIR | Black Monk · wall_segment Stone Wall x1 |
| 12:43 | DGHIR | Black Monk · wall_segment Palisade Wall x1 |
| 12:44 | DGHIR | Black Monk · wall_segment Palisade Wall x1 |
| 12:45 | DGHIR | Black Monk · wall_segment Palisade Wall x1 |
| 12:45 | DGHIR | Black Monk · wall_segment Palisade Wall x1 |
| 12:46 | DGHIR | Black Monk · wall_segment Palisade Wall x1 |
| 14:17 | DGHIR | Black Monk · first_building Archery Range |
| 14:37 | Hoppsywins · wall_segment Palisade Wall x4 |
| 14:39 | Hoppsywins · wall_segment Palisade Wall x4 |
| 14:41 | Hoppsywins · wall_segment Palisade Wall x4 |
| 15:31 | Hoppsywins · wall_segment Palisade Wall x4 |
| 15:32 | Hoppsywins · wall_segment Palisade Wall x2 |
| 16:11 | Hoppsywins · wall_segment Palisade Wall x12 |
| 16:53 | DGHIR | Black Monk · wall_segment Palisade Wall x1 |
| 17:30 | Hoppsywins · wall_segment Palisade Wall x4 |
| 17:59 | DGHIR | Black Monk · wall_segment Palisade Wall x17 |
| 18:09 | DGHIR | Black Monk · wall_segment Palisade Wall x7 |
| 18:14 | DGHIR | Black Monk · wall_segment Palisade Wall x7 |
| 18:48 | DGHIR | Black Monk · wall_segment Stone Wall x1 |
| 19:02 | DGHIR | Black Monk · wall_segment Palisade Wall x1 |
| 19:58 | DGHIR | Black Monk · wall_segment Palisade Wall x1 |
| 20:26 | Hoppsywins · first_building Stable |
| 21:02 | Hoppsywins · age_up castle |
| 21:17 | DGHIR | Black Monk · wall_segment Stone Wall x3 |
| 21:36 | DGHIR | Black Monk · wall_segment Stone Wall x12 |
| 22:03 | DGHIR | Black Monk · wall_segment Palisade Wall x1 |
| 22:16 | Hoppsywins · first_building Siege Workshop |
| 22:19 | DGHIR | Black Monk · wall_segment Palisade Wall x1 |
| 22:33 | DGHIR | Black Monk · wall_segment Palisade Wall x1 |
| 22:36 | DGHIR | Black Monk · wall_segment Palisade Wall x1 |
| 23:51 | DGHIR | Black Monk · first_building Stable |
| 24:05 | Hoppsywins · first_building Monastery |
| 24:10 | DGHIR | Black Monk · age_up castle |
| 24:33 | DGHIR | Black Monk · first_building Siege Workshop |
| 24:48 | DGHIR | Black Monk · wall_segment Palisade Wall x1 |
| 24:49 | DGHIR | Black Monk · wall_segment Palisade Wall x1 |
| 24:52 | DGHIR | Black Monk · wall_segment Palisade Wall x1 |
| 26:09 | DGHIR | Black Monk · first_market_sell 100 stone |
| 26:43 | DGHIR | Black Monk · first_building Monastery |
| 27:29 | DGHIR | Black Monk · resign |
[ AI ANALYSIS · 1 CREDIT ]
What really happened in this match?
Wolo.gg analyzes every decision: build order, eco, micro, common mistakes by bracket. Personalized analysis on WhatsApp or Discord in 30 seconds.
Civ guide
Malians
Perfil
Jugador #456135